 Dungeon Crawl Stone Soup version 0.21.1-1-g345015f (webtiles) character file.

1155844 VLARC the Slayer (level 27, -30/231 HPs)
             Began as a Demonspawn Wizard on Mar 17, 2018.
             Was the Champion of Kikubaaqudgha.
             Killed from afar by a Brimstone Fiend (43 damage)
             ... with damnation
             ... in Pandemonium on Mar 18, 2018.
             The game lasted 09:29:19 (91573 turns).

VLARC the Slayer (Demonspawn Wizard)               Turns: 91573, Time: 09:29:20

Health: -30/231    AC: 40    Str: 11    XL:     27
Magic:  28/42      EV: 27    Int: 28    God:    Kikubaaqudgha [******]
Gold:   7734       SH:  5    Dex: 20    Spells: 2/66 levels left

rFire    + + +     SeeInvis .   Q - +7 lajatang of Order {silver, rMut}
rCold    + + .     Gourm    .   (shield currently unavailable)
rNeg     + + +     Faith    .   E - +10 pearl dragon scales
rPois    .         Spirit   .   (helmet unavailable)
rElec    +         Reflect  +   J - +0 cloak of Darkness {rF+ rC+ Dex+2}
rCorr    .         Harm     .   S - +0 pair of fencer's gloves {+Riposte Dex+3}
rMut     +                      k - +2 pair of boots {run}
MR       +++..                  P - amulet "Plog" {Reflect rF+ rN++ SH+5}
Stlth    +.........             U - ring of Ashenzari's Esteem {rF+ rC+}
HPRegen  0.48/turn              Z - ring "Lewaw" {*Contam rF+ MR+ EV+5 Slay+3}
MPRegen  0.28/turn

@: very slightly contaminated, studying 2 skills, quick
A: horns 3, thin metallic scales 3, agile 1, demonic guardian 3, fire resistance
2, hurl damnation, low mp 1, sense surroundings 1, spiny 3, no potion heal 2,
flame cloud immunity
}: 13/15 runes: barnacled, slimy, silver, iron, obsidian, icy, bone, abyssal,
glowing, magical, fiery, dark, gossamer
a: Hurl Damnation, Receive Corpses, Torment, Renounce Religion


You were in Pandemonium.
You worshipped Kikubaaqudgha.
Kikubaaqudgha was exalted by your worship.
You were near starving.

You visited 17 branches of the dungeon, and saw 87 of its levels.
You visited Pandemonium 1 time, and saw 20 of its levels.
You visited the Abyss 2 times.
You also visited: Ice Cave, Volcano, Wizlab and Desolation.

You collected 13959 gold pieces.
You spent 6225 gold pieces at shops.

Inventory:

Hand Weapons
 e - the +6 sword of Cerebov {flame}
   (You took it off Cerebov in Pandemonium)

   It has been specially enchanted to burn those struck by it, causing extra
   injury to most foes and up to half again as much damage against particularly
   susceptible opponents.
   Big, fiery blades are also staple armaments of hydra-hunters.
 Q - the +7 lajatang of Order (weapon) {silver, rMut}
   (You bought it in a shop on level 4 of the Vaults)

   It protects you from mutation.
 R - the +9 lajatang of Dissent {speed, rElec MP+9 Str+10 Stlth-}
   (You took it off a skeletal warrior on level 10 of the Dungeon)

   Attacks with this weapon are significantly faster.
   It affects your strength (+10).
   It insulates you from electricity.
   It affects your magic capacity (+9).
   It makes you less stealthy.
Missiles
 F - 9 throwing nets (quivered)
Armour
 k - a +2 pair of boots of running (worn)
 E - +10 pearl dragon scales (worn)
 J - the +0 cloak of Darkness (worn) {rF+ rC+ Dex+2}
   (You bought it in a shop on level 13 of the Dungeon)

   It affects your dexterity (+2).
   It protects you from fire.
   It protects you from cold.
 S - the +0 pair of fencer's gloves (worn) {+Riposte Dex+3}
   (You found it on level 3 of the Elven Halls)

   It affects your dexterity (+3).
Jewellery
 G - the ring of Kerfluffle {rF++ SInv}
   (You found it on level 7 of Tartarus)

   [ring of see invisible]

   It greatly protects you from fire.
   It lets you see invisible.
 P - the amulet "Plog" (around neck) {Reflect rF+ rN++ SH+5}
   (You bought it in a shop on level 5 of the Depths)

   [amulet of reflection]

   It shields you and reflects attacks.
   It protects you from fire.
   It greatly protects you from negative energy.
   It affects your SH (+5).
 U - the ring of Ashenzari's Esteem (left hand) {rF+ rC+}
   (You found it on level 1 of the Vaults)

   [ring of protection from cold]

   It protects you from fire.
   It protects you from cold.
 Z - the ring "Lewaw" (right hand) {*Contam rF+ MR+ EV+5 Slay+3}
   (You acquired it on level 13 of the Dungeon)

   [ring of evasion]

   It affects your evasion (+5).
   It affects your accuracy and damage with ranged weapons and melee attacks
   (+3).
   It protects you from fire.
   It affects your resistance to hostile enchantments.
   It causes magical contamination when unequipped.
Wands
 b - a wand of clouds (16)
 u - a wand of digging (9)
 v - a wand of scattershot (8)
 y - a wand of acid (23)
Scrolls
 d - 4 scrolls of magic mapping
 h - a scroll of acquirement
 j - 34 scrolls of remove curse
 l - 8 scrolls of fog
 m - 13 scrolls of identify
 n - a scroll of summoning
 q - a scroll of torment
 r - 8 scrolls of amnesia
 t - a scroll of enchant weapon
 z - a scroll of silence
 A - 17 scrolls of teleportation
 H - 7 scrolls of fear
Potions
 a - 8 potions of invisibility
 c - 9 potions of might
 i - 11 potions of curing
 o - 7 potions of agility
 p - 2 potions of ambrosia
 s - 3 potions of resistance
 w - 7 potions of brilliance
 x - 19 potions of lignification
 B - 12 potions of flight
 C - 11 potions of mutation
 D - 5 potions of haste
 I - 3 potions of cancellation
 X - a potion of heal wounds
Books
 g - a manual of Summonings
 O - a manual of Dodging
Comestibles
 f - 44 rations


   Skills:
 - Level 22.1 Fighting
 + Level 19.3 Staves
 - Level 20.0 Armour
 - Level 21.3 Dodging
 - Level 1.7 Stealth
   Level 4.0 Shields
 - Level 20.0 Spellcasting
 - Level 10.0 Conjurations
 - Level 5.0 Hexes
 - Level 17.0 Summonings
 - Level 20.6 Necromancy
 - Level 15.3 Translocations
   Level 11.7 Transmutations
   Level 4.0 Fire Magic
 - Level 9.0 Ice Magic
   Level 4.0 Air Magic
 - Level 7.0 Earth Magic
   Level 2.3 Poison Magic


You had 2 spell levels left.
You knew the following spells:

 Your Spells              Type           Power        Failure   Level  Hunger
a - Magic Dart            Conj           ####         1%          1    None
b - Regeneration          Chrm/Necr      ######....   1%          3    None
c - Simulacrum            Ice/Necr       #######...   1%          6    None
d - Blink                 Tloc           N/A          0%          2    None
e - Summon Butterflies    Summ           #######.     0%          1    None
f - Animate Dead          Necr           N/A          0%          4    None
g - Bolt of Draining      Conj/Necr      #######...   1%          5    None
h - Borgnjor's Vile Clut  Necr/Erth      #######...   1%          5    None
i - Dispel Undead         Necr           #######.     1%          5    None
j - Lee's Rapid Deconstr  Erth           ######....   8%          5    None
k - Sublimation of Blood  Necr           #######...   0%          2    None
l - Apportation           Tloc           ######       0%          1    None
m - Summon Mana Viper     Hex/Summ       ######..     1%          5    None
n - Infestation           Necr           #######...   7%          8    #####..
o - Aura of Abjuration    Summ           #######...   1%          5    None
p - Dispersal             Tloc           #######...   1%          6    None


Dungeon Overview and Level Annotations

Branches:
Dungeon (15/15)            Temple (1/1) D:4            Lair (6/6) D:11
 Shoals (4/4) Lair:2       Spider (4/4) Lair:2        Slime (5/5) Lair:6
    Orc (2/2) D:10            Elf (3/3) Orc:2        Vaults (5/5) D:13
  Crypt (3/3) Vaults:3       Tomb (0/3) Crypt:3      Depths (5/5) D:15
   Hell (1/1)                 Dis (7/7) Hell            Geh (7/7) Hell
    Coc (7/7) Hell            Tar (7/7) Hell            Zot (5/5) Depths:5

Altars:
Ashenzari
Cheibriados
Dithmenos
Elyvilon
Fedhas
Gozag
Hepliaklqana
Kikubaaqudgha
Makhleb
Nemelex Xobeh
Okawaru
Qazlal
Ru
Sif Muna
Trog
Uskayaw
Vehumet
Wu Jian
Xom
Yredelemnul
Zin
The Shining One
Beogh
Jiyva
Lugonu

Shops:
D:4 (   D:7 !   D:13 *[   D:14 ?   Orc:2 ((![   Elf:2 (   Elf:3 *=   Vaults:2 ?
Vaults:4 (   Vaults:5 [   Depths:1 *   Depths:5 =}=

Portals:
Hell: Depths:1 Depths:2 Depths:3 Depths:4 Depths:5
Abyss: Depths:1 Depths:2 Depths:4
Pandemonium: Depths:2 Depths:3 Depths:5
Ziggurat: Depths:2

Annotations:
D:13 +10
Lair:3 exclusion: 3 oklob plants
Elf:2 3 runed doors
Pan Lom Lobon


Innate Abilities, Weirdness & Mutations

You have a pair of large horns on your head.
You are completely covered in thin metallic scales. (AC +4, rElec)
A powerful demonic guardian rushes to your aid.
Your flesh is very heat resistant. (rF++)
You can hurl damnation.
You are completely covered in sharp spines.
You are immune to clouds of flame.
You are agile. (Dex +2)
Your magical capacity is low. (-10% MP)
You passively map a small area around you.
Potions are poor at restoring your health.


Message History

You feel better.
You are engulfed in poison gas.
You are poisoned.
* * * LOW HITPOINT WARNING * * *
You feel sick. The green death gestures at you. The bolt of poison hits you!
You are lethally poisoned!
* * * LOW HITPOINT WARNING * * *
You feel very sick.
Pyoceabinan comes into view.
Your system partially rejects the healing.
You feel better.
Pyoceabinan roars, "I shall feast on thy heart!"
You hear a hideous shriek!
Your reaper barely misses the Brimstone Fiend.
Pyoceabinan moves out of view.
The Brimstone Fiend gestures at you.
The sphere of damnation explodes!
The damnation engulfs you!
You die...
Kikubaaqudgha rasps: "You have failed me!
Welcome... death!"

****,***,,,***,***##.....#
*,*,,,*,,,,,*,,,*,*##...##
∩,,,,,,,,,,,,,,,,,∩*##...#
*,*,,,*,,,,,*,,,*,*##....#
****,***,,,***,***##.1...#
*********,*****####2.....#***
,*******,,,***##§#.§2.......*
,,,,*,***,*##.#.§§§.........#
,,,,,,,*,*,#....@...§.......#
*********.../#######........#
*##*** ##########


You could see a Brimstone Fiend, a green death and a friendly reaper.

Vanquished Creatures
  Ereshkigal (Tar:7)
  the Serpent of Hell (Geh:7)
  4 ancient liches
  Mara (Spider:3)
  An orb of fire (Zot:5)
  A juggernaut (Depths:4)
  Bai Suzhen (Shoals:3)
  Frederick (Vaults:4)
  3 shard shrikes (Coc:7)
  Margery (Vaults:2)
  A Killer Klown (Zot:5)
  A curse toe (Zot:3)
  A caustic shrike (Depths:4)
  Saint Roka (Vaults:4)
  Nikola (Depths:1)
  7 golden dragons
  A Hellbinder (WizLab)
  3 doom hounds
  9 bone dragons
  2 iron giants
  3 Tzitzimimeh
  An electric golem (Zot:5)
  7 liches
  8 Brimstone Fiends
  Jorgrun (Shoals:4)
  5 Hell Sentinels
  11 Orb Guardians (Zot:5)
  8 tentacled monstrosities
  14 Ice Fiends
  Asterion (Spider:1)
  2 deep elf blademasters (Elf:3)
  5 titans
  2 quicksilver dragons
  2 tentacled starspawn (Abyss:1)
  A deep elf master archer (Elf:3)
  8 acid blobs
  An eldritch tentacle (Dis:2)
  Polyphemus (Shoals:3)
  2 death cobs (Zot:2)
  16 Executioners
  3 sphinxes
  4 ancient champions
  2 warmongers (Pan)
  Kirke (D:15)
  10 storm dragons
  A shadow dragon (shapeshifter) (Vaults:5)
  2 draconian monks
  Roxanne (Shoals:3)
  7 tengu reavers
  A revenant (Hell)
  2 azure jellies
  8 shadow dragons
  4 deep elf sorcerers
  A fire giant (shapeshifter) (Vaults:5)
  4 draconian knights
  Ilsuiw (Shoals:4)
  7 ghost moths
  A draconian scorcher (Zot:1)
  7 balrugs
  6 iron dragons
  7 fire giants
  9 frost giants
  2 black suns (Pan)
  9 vault wardens
  11 cacodemons
  2 emperor scorpions (Spider:4)
  An orc warlord (Elf:1)
  A curse skull (Pan)
  2 deep elf elementalists
  4 draconian stormcallers
  13 ironheart preservers
  6 ghouls (Tar:7)
  A draconian annihilator (Zot:1)
  5 stone giants
  2 blood saints
  9 war gargoyles
  2 entropy weavers
  11 very ugly things
  A spriggan defender (Elf:1)
  33 reapers
  3 vampire knights
  7 deep elf demonologists
  Nessos (D:15)
  2 corrupters (Pan)
  The ghost of Anonimus the Fighter, a journeyman DsFi of Ashenzari (Spider:1)
  3 lorocyprocas
  3 green draconians
  7 spark wasps
  6 deep elf annihilators
  3 halazid warlocks (Desolation)
  12 purple draconians
  3 black draconians
  10 yellow draconians
  5 white draconians
  3 merfolk javelineers
  5 red draconians
  6 green deaths
  2 death oozes (Slime:5)
  3 eidola
  2 kraken zombies
  4 blizzard demons
  6 crystal guardians
  8 jiangshi
  4 deep elf death magi
  9 ettins
  7 merfolk impalers
  Josephine (Orc:2)
  15 yaktaur captains
  3 quicksilver dragon zombies
  5 great orbs of eyes
  6 ragged hierophants
  2 fire dragons
  11 ogre magi
  6 servants of whispers (Desolation)
  A deep elf high priest (Elf:3)
  5 monstrous demonspawn
  5 quicksilver dragon skeletons
  3 hydras
  9 ice dragons
  9 rakshasas
  23 vault guards
  6 hell beasts
  2 merfolk avatars
  A juggernaut simulacrum (Depths:2)
  7 peacekeepers (Desolation)
  2 alligator snapping turtles (Shoals:1)
  2 catoblepae
  8 deep troll shamans
  5 death knights
  6 death scarabs (Spider:4)
  5 centaur warriors
  4 merfolk aquamancers
  5 death yaks
  42 two-headed ogres
  18 dancing weapons
  A satyr (Shoals:3)
  4 tengu warriors
  2 deep troll earth magi
  4 vampire magi
  3 thrashing horrors
  4 titan zombies
  8 hell hogs
  8 soul eaters
  19 hell knights
  3 titan skeletons
  4 spriggan berserkers
  20 sun demons
  13 deep elf knights
  5 storm dragon skeletons
  88 skeletal warriors
  6 storm dragon zombies
  4 wretched stars
  3 iron golems
  6 sixfirhies
  A spriggan (Depths:4)
  2 shadow wraiths
  A salamander mystic (Depths:5)
  A spectral emperor scorpion (Spider:4)
  5 anaconda zombies
  10 sea snakes
  15 deep trolls
  3 golden dragon zombies
  2 unseen horrors (D:11)
  4 iron trolls
  A gelid demonspawn (Depths:2)
  A glowing orange brain (Depths:4)
  10 flayed ghosts
  9 wizards
  5 shadow demons
  A ghost moth zombie (Coc:5)
  5 starcursed masses
  3 torturous demonspawn (Pan)
  An orange crystal statue (Vaults:1)
  A shadow dragon zombie (Dis:7)
  A shambling mangrove (Abyss:3)
  3 spectral wolf spiders (Spider:4)
  A swamp dragon (Zot:4)
  2 infernal demonspawn (Pan)
  6 deep elf archers
  6 anaconda skeletons
  19 orc knights
  13 ironbrand convokers
  A golden dragon skeleton (Crypt:3)
  13 harpies
  7 phantasmal warriors
  32 ugly things
  2 wolf spider zombies
  17 necromancers
  3 iron dragon zombies
  14 orb spiders
  3 frost giant zombies
  24 wolf spiders
  50 deep elf magi
  An oklob plant (Zot:4)
  14 manticores
  5 fauns (Shoals:3)
  2 stone giant zombies
  A statue (Abyss:1)
  14 moths of wrath
  A cyclops (Vaults:2)
  An elephant (shapeshifter) (Vaults:4)
  4 salamanders (Depths:5)
  A fire giant skeleton (Tar:7)
  6 guardian serpents (Desolation)
  7 elephants
  3 fire giant zombies
  4 frost giant skeletons
  2 iron dragon skeletons
  4 dire elephant zombies
  3 ice statues (IceCv)
  4 vault sentinels
  5 stone giant skeletons
  11 merfolk sirens
  4 worldbinders
  A titan simulacrum (Coc:7)
  2 water nymphs (shapeshifter)
  3 black mambas
  13 smoke demons
  3 water nymphs
  33 rust devils
  4 orange demons (Pan)
  A storm dragon simulacrum (Coc:7)
  26 freezing wraiths
  2 dire elephant skeletons (Coc:5)
  6 molten gargoyles (Geh:7)
  16 spiny frogs
  A shock serpent skeleton (Crypt:3)
  3 orc skeletons
  21 hellions
  2 yaktaur zombies
  A spectral redback (Spider:4)
  5 centaur skeletons
  An alligator snapping turtle skeleton (Crypt:1)
  55 yaktaurs
  2 anaconda simulacra (Coc:7)
  An emperor scorpion zombie (Geh:7)
  A rime drake (Lair:5)
  7 ancient zymes
  4 komodo dragons
  6 efreet
  7 hydra zombies
  A catoblepas zombie (Geh:7)
  19 tormentors
  A redback zombie (Spider:4)
  14 red devils
  20 ice devils
  10 hellwings
  A meliai (shapeshifter) (Vaults:3)
  An iron troll skeleton (Crypt:1)
  10 demonic crawlers
  15 jumping spiders
  29 merfolk
  5 trolls
  2 trolls (shapeshifter)
  2 harpy zombies
  A polar bear (Lair:6)
  11 hornets
  2 queen bees
  5 wind drakes
  6 raiju (Abyss:3)
  2 spectral jumping spiders (Spider:4)
  30 slime creatures
  51 saltlings
  2 hydra skeletons
  A jumping spider zombie (Spider:4)
  17 hippogriffs
  A satyr zombie (Crypt:1)
  3 spectral tarantellas (Spider:4)
  13 blink frogs
  4 fire dragon zombies
  An iron dragon simulacrum (Crypt:2)
  A fire giant simulacrum (Coc:7)
  3 ice dragon zombies
  3 snapping turtles
  5 alligator zombies
  6 ettin zombies
  3 tarantella zombies (Spider:4)
  2 blink frogs (shapeshifter)
  4 harpy skeletons
  31 large abominations
  A snapping turtle (shapeshifter) (Depths:3)
  40 redbacks
  2 ice dragon skeletons
  8 air elementals
  19 tarantellas
  11 ynoxinuls
  30 shadows
  20 water elementals
  72 flying skulls
  3 vampires (Vaults:3)
  19 wraiths
  3 alligator skeletons
  2 basilisks
  Grum (D:11)
  4 ettin skeletons
  2 fire dragon skeletons
  A catoblepas simulacrum (Abyss:1)
  4 wyverns
  37 yaks
  13 fire elementals
  4 hogs (D:15)
  3 fire bats
  8 chaos spawn
  4 hungry ghosts
  2 vampire mosquitoes (D:15)
  A merfolk zombie (Coc:5)
  11 small abominations
  A deep troll zombie (Crypt:2)
  12 neqoxecs
  2 acid dragons
  A glowing shapeshifter zombie (Crypt:1)
  3 wargs
  20 water moccasins
  A deep troll skeleton (Vaults:5)
  11 hell hounds
  7 porcupines
  4 hydra simulacra
  A floating eye (Pan)
  4 spiny frog zombies
  A hornet zombie (Spider:4)
  47 orc warriors
  2 spectral hornets (Spider:4)
  A sky beast (D:9)
  2 snapping turtle zombies
  15 ice beasts
  2 black bears
  3 eyes of draining (shapeshifter)
  2 swamp dragon zombies
  8 necrophages
  3 spiny frog skeletons
  A merfolk skeleton (Pan)
  3 phantoms
  7 wolves
  An ice dragon simulacrum (Crypt:2)
  31 ogres
  6 boggarts
  A snapping turtle skeleton (Coc:6)
  A manticore skeleton (Geh:1)
  23 centaurs
  A hog skeleton (Crypt:1)
  5 human skeletons
  4 crocodiles
  14 bullfrogs
  An elf zombie (Crypt:2)
  A wyvern zombie (D:9)
  4 earth elementals
  Dowan (D:7)
  An elf skeleton (Crypt:2)
  A water moccasin zombie (Crypt:2)
  A wyvern skeleton (D:13)
  A water moccasin skeleton (D:8)
  A queen bee zombie (Crypt:1)
  5 scorpions
  A spriggan zombie (Abyss:1)
  41 killer bees
  46 wights
  An electric eel (Spider:3)
  3 howler monkeys (D:8)
  2 bullfrog zombies
  12 crimson imps
  2 lava snakes (Volcano)
  4 centaur zombies
  A human simulacrum (Vaults:2)
  2 draconian simulacra (IceCv)
  7 hounds
  2 quasits
  10 jellies
  3 bullfrog skeletons
  18 orc priests
  3 iguanas
  14 iron imps
  Ijyb (D:5)
  Terence (D:3)
  29 orc wizards
  A basilisk skeleton (Crypt:2)
  13 worker ants
  2 spriggan simulacra (IceCv)
  A killer bee zombie (D:10)
  A tengu zombie (Crypt:2)
  3 centaur simulacra
  2 mummies
  2 hound skeletons
  A worker ant zombie (D:11)
  Robin (D:4)
  9 gnolls
  A howler monkey skeleton (Crypt:2)
  8 adders
  A naga simulacrum (IceCv)
  3 ogre simulacra (IceCv)
  A swamp drake skeleton (Crypt:2)
  8 shadow imps
  3 white imps
  2 ufetubi (Abyss:1)
  3 adder skeletons
  A worm (D:2)
  A dart slug (D:1)
  9 leopard geckos
  119 orcs
  A ball python (D:5)
  6 giant cockroaches
  12 goblins
  4 hobgoblins
  15 jackals
  8 kobolds
  3 quokkas
  7 bats
  3 frilled lizards
  A kobold zombie (Abyss:4)
  6 rats
  A rat skeleton (Crypt:1)
  A rat zombie (Crypt:2)
  21 plants
  4 starspawn tentacles (Abyss:1)
  3 tentacles
2940 creatures vanquished.

Vanquished Creatures (collateral kills)
  Cerebov (Pan)
  Antaeus (Coc:7)
  Asmodeus (Geh:7)
  the Royal Jelly (Slime:5)
  Mnoleg (Pan)
  Gloorx Vloq (Pan)
  Dispater (Dis:7)
  3 orbs of fire
  An ancient lich (Vaults:5)
  2 pandemonium lords (Pan)
  6 shard shrikes
  3 golden dragons
  3 Killer Klowns (Zot:5)
  A curse toe (Zot:5)
  Geryon (Hell)
  7 bone dragons
  2 electric golems (Zot:5)
  4 doom hounds
  10 Tzitzimimeh
  A hellephant (Abyss:1)
  8 iron giants
  5 Brimstone Fiends
  16 tentacled monstrosities
  14 Orb Guardians (Zot:5)
  3 liches
  8 Ice Fiends
  5 Hell Sentinels
  A deep elf master archer (Elf:3)
  2 quicksilver dragons
  A titan (Pan)
  3 eldritch tentacles
  12 acid blobs
  A sphinx (Vaults:5)
  3 Executioners
  A thorn hunter (Depths:2)
  Agnes (D:15)
  10 storm dragons
  12 ancient champions
  5 death cobs
  3 tentacled starspawn
  6 shadow dragons
  4 draconian monks
  5 tengu reavers
  9 fire giants
  3 azure jellies (Slime:5)
  8 deep elf sorcerers
  4 frost giants
  2 draconian scorchers (Zot:1)
  2 deep elf elementalists
  6 draconian shifters
  7 cacodemons
  8 balrugs
  2 emperor scorpions
  5 draconian knights
  2 draconian annihilators
  7 vault wardens
  A warmonger (Pan)
  4 ghouls (Tar:7)
  7 iron dragons
  A spriggan defender (Depths:4)
  35 reapers
  2 corrupters (Pan)
  10 war gargoyles
  2 green draconians
  15 very ugly things
  7 stone giants
  3 ironheart preservers (Vaults:5)
  4 deep elf demonologists
  A blood saint (Pan)
  4 elemental wellsprings
  A vampire knight (Depths:2)
  4 starcursed masses
  2 black draconians
  3 lorocyprocas
  4 red draconians
  7 deep elf annihilators
  6 purple draconians
  8 yellow draconians
  5 spark wasps
  A white draconian (Zot:5)
  2 dire elephants
  14 blizzard demons
  3 merfolk javelineers
  4 deep elf death magi
  6 green deaths
  5 ettins
  4 fire dragons
  3 quicksilver dragon zombies
  2 merfolk impalers (Shoals:4)
  3 death oozes (Slime:5)
  6 great orbs of eyes
  11 ice dragons
  9 yaktaur captains
  A deep elf high priest (Vaults:5)
  2 ragged hierophants (Desolation)
  4 ogre magi
  A quicksilver dragon skeleton (Dis:7)
  2 monstrous demonspawn (Pan)
  2 hell beasts
  5 rakshasas
  3 spriggan air magi
  7 vault guards
  2 servants of whispers (Desolation)
  A death knight (Vaults:5)
  6 hydras
  2 ghost crabs
  3 centaur warriors
  A satyr (Abyss:3)
  4 merfolk aquamancers
  2 death scarabs (Spider:4)
  9 two-headed ogres
  A dancing weapon (Vaults:5)
  2 deep troll shamans
  3 tengu warriors (Depths:1)
  A two-headed ogre (shapeshifter) (Depths:4)
  3 death yaks (Lair:6)
  12 soul eaters
  2 deep troll earth magi
  4 vampire magi (Tar:7)
  6 titan zombies
  5 storm dragon zombies
  2 deep elf knights
  14 hell hogs
  3 shock serpents (Pan)
  2 spriggan berserkers
  25 large abominations
  An iron golem (Dis:7)
  4 thrashing horrors
  8 sun demons
  3 death drakes (Tar:7)
  2 iron trolls
  5 titan skeletons
  3 wretched stars
  2 shadow wraiths (Pan)
  7 hell knights
  57 skeletal warriors
  4 sixfirhies
  2 storm dragon skeletons
  4 deep trolls
  2 ghost moth zombies
  6 shadow demons
  5 sea snakes
  2 infernal demonspawn (Pan)
  2 glowing orange brains
  4 golden dragon zombies
  4 wizards
  4 golden dragon skeletons
  2 torturous demonspawn (Pan)
  2 flayed ghosts
  4 anaconda zombies
  3 shadow dragon zombies
  2 orc knights (Orc:2)
  A shambling mangrove (Abyss:3)
  5 necromancers
  3 iron dragon zombies
  3 harpies
  6 anaconda skeletons
  A shadow dragon skeleton (Coc:7)
  13 deep elf magi
  13 ugly things
  3 phantasmal warriors
  5 manticores
  An orc sorcerer (D:15)
  3 wolf spider zombies
  5 orb spiders
  12 wolf spiders
  3 fire giant zombies (Dis:7)
  2 worldbinders (Abyss:3)
  5 oklob plants
  2 cyclopes
  3 shining eyes
  An iron dragon skeleton (Tar:7)
  A salamander (shapeshifter) (Depths:2)
  7 moths of wrath
  2 fire giant skeletons
  A human skeleton (Vaults:2)
  26 rust devils
  5 elephants
  4 frost giant zombies
  10 stone giant zombies
  A salamander (Depths:5)
  3 frost giant skeletons
  4 dire elephant zombies
  12 smoke demons
  An apocalypse crab (Abyss:3)
  A centaur zombie (D:12)
  4 molten gargoyles
  5 orange demons
  5 stone giant skeletons
  4 vault sentinels
  A storm dragon simulacrum (Coc:7)
  3 water nymphs
  5 centaur skeletons
  A spiny frog (Lair:1)
  12 freezing wraiths
  A kobold demonologist (D:10)
  2 rime drakes
  A komodo dragon (Lair:5)
  A yaktaur (shapeshifter) (Depths:2)
  2 catoblepas zombies
  2 dire elephant skeletons
  10 hellwings
  10 hellions
  22 tormentors
  13 ice devils
  An anaconda simulacrum (Coc:7)
  2 efreet
  12 red devils
  26 yaktaurs
  6 demonic crawlers
  3 ancient zymes
  13 hydra zombies
  A tengu conjurer (Depths:5)
  6 jumping spiders
  A queen bee (shapeshifter) (Abyss:3)
  4 trolls
  2 wind drakes
  5 ettin zombies
  5 merfolk
  2 spectral jumping spiders (Spider:4)
  3 spectral tarantellas (Spider:4)
  2 hornets (Abyss:3)
  A harpy skeleton (Hell)
  6 hydra skeletons
  A jumping spider zombie (Spider:4)
  2 saltlings (Desolation)
  4 blink frogs
  3 fire dragon zombies
  2 snapping turtles (Shoals:2)
  3 alligator zombies
  22 slime creatures
  3 ice dragon zombies
  2 hippogriffs
  5 fire dragon skeletons
  A frost giant simulacrum (Coc:4)
  39 flying skulls
  15 redbacks
  A fire giant simulacrum (Hell)
  6 air elementals
  2 alligator skeletons (Coc:7)
  2 black mamba zombies
  4 ice dragon skeletons
  2 tarantellas (shapeshifter)
  7 ynoxinuls
  A yak (shapeshifter) (Depths:2)
  3 ettin skeletons
  A spriggan (Depths:4)
  12 water elementals
  18 shadows
  7 tarantellas
  11 small abominations
  8 wraiths
  11 fire elementals
  2 hogs (shapeshifter)
  A wyvern (Lair:6)
  9 yaks
  A steam dragon (shapeshifter) (Depths:4)
  3 chaos spawn
  A hungry ghost (Abyss:4)
  3 black mamba skeletons
  6 neqoxecs
  2 basilisks
  Menkaure (D:6)
  A spatial vortex (Abyss:3)
  A harpy simulacrum (Coc:7)
  An acid dragon (D:15)
  2 hydra simulacra (Coc:7)
  A torturous demonspawn zombie (Crypt:3)
  A merfolk skeleton (Hell)
  14 hell hounds
  Duvessa (D:7)
  2 water moccasins
  4 spiny frog zombies
  8 orc warriors
  5 ice beasts
  A snapping turtle zombie (Coc:5)
  2 black bears
  A manticore zombie (Dis:4)
  An alligator simulacrum (Coc:7)
  5 spiny frog skeletons
  2 ogres
  4 eyes of draining
  4 centaurs
  4 necrophages
  An elf skeleton (Vaults:4)
  A crocodile (Lair:2)
  4 snapping turtle skeletons
  A swamp dragon skeleton (Coc:3)
  A big kobold (D:12)
  3 bullfrogs
  An elf zombie (Crypt:3)
  A bullfrog (shapeshifter) (Vaults:5)
  An earth elemental (Abyss:3)
  A spriggan zombie (Coc:7)
  A scorpion (D:9)
  10 killer bees
  A troll skeleton (Geh:4)
  25 wights
  A crimson imp (D:10)
  2 quasits
  12 jellies
  A human zombie (Dis:7)
  An orc priest (Vaults:4)
  A hound (D:11)
  6 iron imps
  8 orc wizards
  2 mummies
  A gnoll (Orc:2)
  A naga simulacrum (Coc:3)
  6 shadow imps
  10 white imps
  4 ufetubi (Abyss:3)
  A ball lightning (Pan)
  10 orcs
  A fire vortex (Geh:1)
  5 fungi (Lair:6)
  A plant (Lair:6)
  9 starspawn tentacles
  A tentacle (Coc:4)
1541 creatures vanquished.

Vanquished Creatures (others)
  A titan (Pan)
  An acid blob (Zot:4)
  An eldritch tentacle (Coc:7)
  A draconian stormcaller (Abyss:3)
  An elemental wellspring (Coc:7)
  3 rakshasas (Pan)
  An ice dragon (Depths:1)
  A spriggan air mage (Pan)
  A merfolk aquamancer (Shoals:4)
  An ogre mage (Vaults:3)
  2 spriggan berserkers
  A hell hog (Geh:6)
  A sun demon (Pan)
  A tormentor (Dis:7)
  A shadow (Dis:2)
  2 humans (D:15)
  A small abomination (Abyss:3)
  A wight (Geh:1)
  22 ball lightnings (Pan)
  2 blocks of ice (Pan)
  16 fungi
  2 lurking horrors
  20 plants
  8 starspawn tentacles
  5 tentacles
97 creatures vanquished.

Grand Total: 4578 creatures vanquished

Notes
Turn   | Place    | Note
-------+----------+-------------------------------------------
     0 | D:1      | VLARC the Demonspawn Wizard began the quest for the Orb.
     0 | D:1      | Reached XP level 1. HP: 13/13 MP: 4/4
   459 | D:1      | Gained mutation: A weak demonic guardian rushes to your aid. [demonic ancestry]
   459 | D:1      | Reached XP level 2. HP: 19/19 MP: 1/6
   942 | D:2      | Found a shimmering altar of Xom.
   943 | D:2      | Found a hazy altar of Hepliaklqana.
   943 | D:2      | Noticed a hell beast
   944 | D:2      | Noticed a hell beast
   944 | D:2      | Noticed a spectral ugly thing
  1559 | D:2      | Gained mutation: You are partially covered in sharp spines. [demonic ancestry]
  1559 | D:2      | Reached XP level 3. HP: 24/24 MP: 5/7
  1564 | D:2      | Learned a level 3 spell: Conjure Flame
  1568 | D:2      | Learned a level 3 spell: Mephitic Cloud
  2661 | D:3      | Reached skill level 1 in Fire Magic
  2661 | D:3      | Reached skill level 1 in Air Magic
  2767 | D:3      | Gained mutation: You are partially covered in thin metallic scales. (AC +2) [demonic ancestry]
  2767 | D:3      | Reached XP level 4. HP: 30/30 MP: 5/8
  2882 | D:3      | Found a white marble altar of Elyvilon.
  3187 | D:3      | Noticed Terence
  3208 | D:3      | Killed Terence
  3343 | D:3      | Found a sacrificial altar of Ru.
  3671 | D:3      | Learned a level 2 spell: Blink
  3688 | D:4      | Noticed Robin
  3888 | D:4      | Gained mutation: You have a pair of small horns on your head. [demonic ancestry]
  3888 | D:4      | Reached XP level 5. HP: 35/35 MP: 9/9
  4242 | D:4      | Killed Robin
  4278 | D:4      | Found a staircase to the Ecumenical Temple.
  4281 | D:4      | Noticed an ogre
  4302 | D:4      | Killed an ogre
  4468 | D:4      | Reached XP level 6. HP: 32/41 MP: 10/10
  4544 | Temple   | Entered the Ecumenical Temple
  4767 | D:4      | Found Ipyigix's Antique Weapon Boutique.
  5076 | D:5      | Entered Level 5 of the Dungeon
  5376 | D:5      | Found a glowing golden altar of the Shining One.
  5401 | D:5      | Found a shattered altar of Ashenzari.
  5724 | D:5      | Gained mutation: A demonic guardian rushes to your aid. [demonic ancestry]
  5724 | D:5      | Reached XP level 7. HP: 41/46 MP: 11/11
  5761 | D:5      | Noticed Ijyb
  5776 | D:5      | Killed Ijyb
  5973 | D:6      | Reached skill level 1 in Poison Magic
  6238 | D:6      | Noticed Menkaure
  6263 | D:6      | Killed Menkaure
  6586 | D:6      | Found an opulent altar of Gozag.
  6834 | D:6      | Got a faintly humming ring mail
  7041 | D:6      | Identified the cursed +1 ring mail of the Depths {Int+6} (You found it on level 6 of the Dungeon)
  7189 | D:7      | Reached skill level 5 in Conjurations
  7434 | D:7      | Reached XP level 8. HP: 49/52 MP: 10/12
  7494 | D:7      | Noticed Dowan
  7495 | D:7      | Noticed Duvessa
  7509 | D:7      | Killed Duvessa
  7518 | D:7      | Killed Dowan
  8495 | D:7      | Found a burning altar of Makhleb.
  8518 | D:7      | Found Wyzu's Distillery.
  8520 | D:7      | Bought a potion of haste for 140 gold pieces
  8870 | D:8      | Found a stormy altar of Qazlal.
  8893 | D:8      | Noticed an air elemental
  8918 | D:8      | Gained mutation: You have a pair of horns on your head. [demonic ancestry]
  8918 | D:8      | Reached XP level 9. HP: 44/57 MP: 13/13
  9089 | D:8      | Reached skill level 10 in Conjurations
  9354 | D:8      | Reached skill level 1 in Armour
  9354 | D:8      | Reached skill level 1 in Shields
  9397 | D:8      | Noticed a dagger
  9397 | D:8      | Noticed a hand axe
  9398 | D:8      | Found a hide-covered altar of Uskayaw.
 10881 | D:9      | Found an ancient bone altar of Kikubaaqudgha.
 10889 | D:9      | Became a worshipper of Kikubaaqudgha
 10894 | D:9      | Found a deep blue altar of Sif Muna.
 10897 | D:9      | Identified Sif Muna's Catalogue of the Entourage
 10907 | D:9      | Found a radiant altar of Vehumet.
 10936 | D:9      | Learned a level 1 spell: Summon Butterflies
 10996 | D:9      | Reached skill level 1 in Translocations
 11115 | D:9      | Reached skill level 1 in Necromancy
 11659 | D:9      | Reached XP level 10. HP: 49/63 MP: 14/14
 11734 | D:10     | Entered Level 10 of the Dungeon
 11734 | D:10     | Noticed a two-headed ogre
 11740 | D:10     | Killed a two-headed ogre
 12142 | D:10     | Reached * piety under Kikubaaqudgha
 12142 | D:10     | Identified Kikubaaqudgha's Reference Book on Sinister Rituals (Kikubaaqudgha gifted it to you on level 10 of the Dungeon)
 12142 | D:10     | Received a gift from Kikubaaqudgha
 12234 | D:10     | Reached skill level 1 in Fighting
 12325 | D:10     | Noticed a skeletal warrior
 12340 | D:10     | Killed a skeletal warrior
 12340 | D:10     | Reached skill level 2 in Fighting
 12383 | D:10     | Got a dazzling lajatang {speed}
 12389 | D:9      | Identified the +9 lajatang of Dissent {speed, rElec MP+9 Str+10 Stlth-} (You took it off a skeletal warrior on level 10 of the Dungeon)
 12429 | D:10     | Reached skill level 1 in Staves
 12440 | D:10     | Identified the Handbook of Summoning
 12539 | D:10     | Reached skill level 3 in Fighting
 12667 | D:10     | Reached ** piety under Kikubaaqudgha
 12958 | D:10     | Reached skill level 4 in Fighting
 13274 | D:10     | Found a staircase to the Orcish Mines.
 13468 | D:11     | Noticed a two-headed ogre
 13473 | D:11     | Killed a two-headed ogre
 13473 | D:11     | Reached skill level 5 in Fighting
 13526 | D:11     | Found a staircase to the Lair.
 13761 | D:11     | Gained mutation: You are mostly covered in thin metallic scales. (AC +3) [demonic ancestry]
 13761 | D:11     | Reached XP level 11. HP: 80/80 MP: 16/16
 13996 | D:11     | Reached skill level 6 in Fighting
 13996 | D:11     | Reached skill level 5 in Staves
 14010 | D:11     | Reached *** piety under Kikubaaqudgha
 14010 | D:11     | Identified Kikubaaqudgha's Incunabulum of Unholy Secrets (Kikubaaqudgha gifted it to you on level 11 of the Dungeon)
 14010 | D:11     | Received a gift from Kikubaaqudgha
 14016 | D:11     | Killed an unseen horror
 14023 | D:11     | Learned a level 4 spell: Animate Dead
 14073 | D:11     | Killed an unseen horror
 14264 | D:11     | Noticed Grum
 14273 | D:11     | Killed Grum
 14273 | D:11     | Reached skill level 7 in Fighting
 14373 | D:11     | Noticed a cyan ugly thing
 14382 | D:11     | Killed a cyan ugly thing
 14430 | D:11     | Noticed a two-headed ogre
 14443 | D:11     | Killed a two-headed ogre
 14781 | Lair:1   | Entered Level 1 of the Lair of Beasts
 14818 | Lair:1   | Noticed a five-headed hydra
 14828 | Lair:1   | Killed a five-headed hydra
 15202 | Lair:1   | Reached skill level 8 in Fighting
 15325 | Lair:1   | Noticed an eight-headed hydra
 15338 | Lair:1   | Killed an eight-headed hydra
 15558 | Lair:1   | Noticed a four-headed hydra
 15569 | Lair:1   | Killed a four-headed hydra
 16055 | Lair:2   | Found a staircase to the Shoals.
 16055 | Lair:2   | Found a hole to the Spider Nest.
 16105 | Lair:2   | Reached skill level 9 in Fighting
 16250 | Lair:2   | Reached XP level 12. HP: 62/95 MP: 17/17
 16942 | Lair:2   | Reached **** piety under Kikubaaqudgha
 17038 | Lair:2   | Reached skill level 10 in Fighting
 17303 | Lair:2   | Noticed an eight-headed hydra
 17309 | Lair:2   | Killed an eight-headed hydra
 18247 | Lair:3   | You fall through a shaft!
 18281 | Lair:4   | Reached skill level 10 in Staves
 18466 | Lair:4   | Found a frozen archway.
 18494 | IceCv    | Entered an ice cave
 20226 | Lair:3   | Gained mutation: You have a pair of large horns on your head. [demonic ancestry]
 20226 | Lair:3   | Reached XP level 13. HP: 72/103 MP: 18/18
 20961 | Lair:3   | Reached ***** piety under Kikubaaqudgha
 21446 | Lair:3   | Learned a level 5 spell: Bolt of Draining
 22628 | Lair:5   | Found a dark tunnel.
 22636 | Volcano  | Entered a volcano
 24061 | Lair:6   | Entered Level 6 of the Lair of Beasts
 24293 | Lair:6   | Noticed a dire elephant
 24349 | Lair:6   | Killed a dire elephant
 24356 | Lair:6   | Found the cursed necklace of Bloodlust {*Rage +Rage MR++ Int-3 Slay+6 *Curse}
 24379 | Lair:6   | Got an encrusted double sword
 24400 | Lair:6   | Identified the +10 double sword "Decisch" {holy, rC+ Int+2 Dex+2} (You found it on level 6 of the Lair of Beasts)
 24691 | Lair:6   | Found a viscous altar of Jiyva.
 24691 | Lair:6   | Found a staircase to the Slime Pits.
 24725 | Lair:6   | Reached ****** piety under Kikubaaqudgha
 24783 | Lair:6   | Found a hide-covered altar of Uskayaw.
 24808 | Lair:6   | Reached skill level 5 in Armour
 24808 | Lair:6   | Reached XP level 14. HP: 97/110 MP: 21/21
 24944 | Lair:6   | Reached skill level 5 in Spellcasting
 26422 | D:13     | Found Xeaw's Assorted Antiques.
 26428 | D:13     | Bought a viscous dark potion for 16 gold pieces
 26640 | D:13     | Found Makoumm's Armour Shop.
 26644 | D:13     | Reached skill level 5 in Dodging
 26652 | D:13     | Bought the +0 cloak of Darkness {rF+ rC+ Dex+2} for 445 gold pieces
 26688 | D:13     | Bought a +0 ring mail of poison resistance for 120 gold pieces
 27100 | D:13     | Identified the +10 chain mail "Fucav" {-Cast rC+ Regen+ Int+3} (You found it on level 13 of the Dungeon)
 27613 | D:13     | Found a gate to the Vaults.
 27641 | D:13     | Noticed a fire giant
 27648 | D:13     | Killed a fire giant
 27822 | D:13     | Learned a level 5 spell: Borgnjor's Vile Clutch
 27835 | D:13     | Received a gift from Kikubaaqudgha
 28339 | D:14     | Found Fuh Tuim's Magic Scroll Shop.
 28347 | D:14     | Bought a scroll of blinking for 82 gold pieces
 28600 | D:15     | Entered Level 15 of the Dungeon
 28793 | D:15     | Noticed Nessos
 28798 | D:15     | Killed Nessos
 28818 | D:15     | Noticed Kirke
 28828 | D:15     | Killed Kirke
 28850 | D:15     | Found a staircase to the Depths.
 29086 | D:15     | Noticed Agnes
 29094 | D:15     | Killed Agnes
 29094 | D:15     | Reached XP level 15. HP: 92/115 MP: 22/27
 29568 | Orc:1    | Entered Level 1 of the Orcish Mines
 29645 | Orc:1    | Found a roughly hewn altar of Beogh.
 29806 | Orc:2    | Entered Level 2 of the Orcish Mines
 30245 | Orc:2    | Noticed Josephine
 30249 | Orc:2    | Killed Josephine
 30360 | Orc:2    | Reached skill level 5 in Necromancy
 30371 | Orc:2    | Reached skill level 1 in Earth Magic
 30746 | Orc:2    | Found a staircase to the Elven Halls.
 30916 | Orc:2    | Found Bewk's Distillery.
 30916 | Orc:2    | Found Soesch's Antique Weapon Emporium.
 30918 | Orc:2    | Found Haytitt's Antique Weapon Shoppe.
 30920 | Orc:2    | Found Neleyhai's Antique Armour Boutique.
 30925 | Orc:2    | Bought a distressingly furry ring mail for 351 gold pieces
 30946 | Orc:2    | Identified the cursed +1 ring mail of Kindness {rPois MR+ Int+3 Stlth+} (You bought it in a shop on level 2 of the Orcish Mines)
 31551 | Spider:1 | Entered Level 1 of the Spider Nest
 32083 | Spider:1 | Noticed Anonimus's ghost (journeyman DsFi)
 32103 | Spider:1 | Killed Anonimus's ghost
 32143 | Spider:1 | Noticed Asterion
 32155 | Spider:1 | Noticed an Executioner
 32823 | Spider:2 | Reached skill level 5 in Earth Magic
 33189 | Spider:3 | Noticed Mara
 33191 | Spider:3 | Noticed VLARC's illusion
 33603 | Spider:3 | Killed Mara
 34116 | Spider:4 | Entered Level 4 of the Spider Nest
 34152 | Spider:4 | Gained mutation: You are mostly covered in sharp spines. [demonic ancestry]
 34152 | Spider:4 | Reached XP level 16. HP: 100/122 MP: 19/28
 34194 | Spider:4 | Reached skill level 10 in Necromancy
 35615 | Spider:4 | Learned a level 5 spell: Dispel Undead
 35621 | Spider:4 | Learned a level 5 spell: Lee's Rapid Deconstruction
 35821 | Spider:4 | Reached skill level 10 in Spellcasting
 36271 | Spider:4 | Got a gossamer rune of Zot
 36735 | Vaults:1 | Entered Level 1 of the Vaults
 36946 | Vaults:1 | Got a pitted brass ring
 36947 | Vaults:1 | Identified the ring of Ashenzari's Esteem {rF+ rC+} (You found it on level 1 of the Vaults)
 37349 | Vaults:1 | Gained mutation: Your flesh is heat resistant. (rF+) [demonic ancestry]
 37349 | Vaults:1 | Reached XP level 17. HP: 100/128 MP: 2/32
 37671 | D:13     | Learned a level 2 spell: Sublimation of Blood
 38494 | Vaults:1 | Learned a level 1 spell: Apportation
 38653 | Vaults:2 | Found Meiru's Magic Scroll Emporium.
 38693 | Vaults:2 | Bought a scroll of magic mapping for 45 gold pieces
 38693 | Vaults:2 | Bought a scroll of fear for 45 gold pieces
 39504 | Vaults:2 | Reached skill level 15 in Necromancy
 40088 | Vaults:2 | Noticed Margery
 40097 | Vaults:2 | Killed Margery
 40204 | Vaults:2 | Reached XP level 18. HP: 106/134 MP: 34/35
 41235 | Vaults:3 | Found a staircase to the Crypt.
 41344 | Vaults:3 | Paralysed by an ogre mage for 6 turns
 42847 | Vaults:4 | Reached skill level 15 in Spellcasting
 42890 | Vaults:4 | Gained mutation: You are immune to clouds of flame. [demonic ancestry]
 42890 | Vaults:4 | Reached XP level 19. HP: 79/140 MP: 30/38
 43480 | Vaults:4 | Noticed Saint Roka
 43487 | Vaults:4 | Killed Saint Roka
 43956 | Vaults:4 | Found Liuvutoh's Antique Weapon Shop.
 44329 | Vaults:4 | Noticed Frederick
 44364 | Vaults:4 | Killed Frederick
 44804 | Shoals:1 | Entered Level 1 of the Shoals
 45381 | Shoals:1 | Got a spiked scale mail
 45382 | Shoals:1 | Identified the cursed +0 scale mail of Context {-Cast +Blink rN++} (You found it on level 1 of the Shoals)
 45392 | Shoals:1 | Identified a scroll of acquirement
 45895 | Shoals:2 | Reached skill level 11 in Fighting
 46273 | Shoals:3 | Noticed Polyphemus
 46290 | Shoals:3 | Killed Polyphemus
 46557 | Shoals:3 | Noticed Bai Suzhen
 46761 | Shoals:3 | Killed Bai Suzhen
 46853 | Shoals:3 | Noticed Roxanne
 46872 | Shoals:3 | Killed Roxanne
 46963 | Shoals:3 | Gained mutation: You are completely covered in sharp spines. [demonic ancestry]
 46963 | Shoals:3 | Reached XP level 20. HP: 152/152 MP: 30/39
 47038 | Shoals:4 | Entered Level 4 of the Shoals
 47056 | Shoals:4 | Reached skill level 10 in Dodging
 47070 | Shoals:4 | Reached skill level 10 in Armour
 47285 | Shoals:4 | Noticed Jorgrun
 47292 | Shoals:4 | Killed Jorgrun
 47361 | Shoals:4 | Noticed Ilsuiw
 47455 | Shoals:4 | Killed Ilsuiw
 47467 | Shoals:4 | Reached skill level 12 in Fighting
 47996 | Shoals:4 | Got a barnacled rune of Zot
 48342 | D:13     | Learned a level 5 spell: Summon Mana Viper
 48351 | D:13     | Learned a level 8 spell: Infestation
 48566 | Spider:3 | Learned a level 3 spell: Regeneration
 48865 | Elf:1    | Entered Level 1 of the Elven Halls
 49267 | Elf:1    | Reached skill level 5 in Summonings
 49273 | Elf:1    | Identified the Guide on Attacks
 50055 | Elf:2    | Found a ruined gateway.
 50070 | Desolati | Entered the Desolation of Salt
 50218 | Desolati | Got a creamy pearl robe
 50620 | Desolati | Reached skill level 10 in Summonings
 50650 | Desolati | Identified the Tome of the Frostbite and the Entourage
 50652 | Desolati | Identified Dinimyen's Catalogue of the Warped Snowflakes
 50731 | Desolati | Reached XP level 21. HP: 89/160 MP: 19/40
 50887 | Desolati | Got a shimmering zirconium amulet
 50888 | Desolati | Identified the +0 robe of Pomeinol {rCorr Str-2 Int+3 Dex+2} (You found it in the Desolation of Salt)
 50890 | Desolati | Identified the amulet "Igasomif" {Gourm Str+4} (You found it in the Desolation of Salt)
 50894 | Desolati | Got an ancient brass ring
 50895 | Desolati | Identified the ring "Asseink" {rF+ Int+4} (You found it in the Desolation of Salt)
 50897 | Desolati | Identified the Disquisition on Weightlessness and Toxins
 50994 | Elf:2    | Found a runed gate.
 51099 | Elf:2    | Found a runed gate.
 51099 | Elf:2    | Found a runed gate.
 51345 | Elf:2    | Found Ziraw's Antique Weapon Shop.
 51418 | Elf:3    | Entered Level 3 of the Elven Halls
 51441 | Elf:3    | Found Mymyiph's Merry Market.
 51449 | Elf:3    | Bought a scroll of magic mapping for 59 gold pieces
 51449 | Elf:3    | Bought a potion of might for 68 gold pieces
 51455 | Elf:3    | Found Jaggaos's Jewellery Emporium.
 52055 | Elf:3    | Reached skill level 1 in Hexes
 52365 | Elf:3    | Reached skill level 5 in Hexes
 52397 | Elf:3    | Reached skill level 13 in Fighting
 52651 | Elf:3    | Found the +0 pair of fencer's gloves {+Riposte Dex+3}
 52830 | Elf:3    | Identified the amulet "Hiytoz" {RegenMP +Blink} (You took it off a deep elf mage on level 3 of the Elven Halls)
 52922 | Elf:3    | Identified the +1 chain mail "Boim" {-Tele rC+ Dex+8} (You found it on level 3 of the Elven Halls)
 53530 | Crypt:1  | Entered Level 1 of the Crypt
 53750 | Crypt:1  | Reached skill level 14 in Fighting
 54578 | Crypt:2  | Found a magical portal.
 54592 | WizLab   | Entered The Hall of the Hellbinder
 54641 | WizLab   | Reached skill level 15 in Fighting
 54890 | WizLab   | Identified Vokahy Gaove's Reference Book on Summoning
 54942 | WizLab   | Found a burning altar of Makhleb.
 54951 | WizLab   | Noticed Riveaduo
 54972 | WizLab   | Killed Riveaduo the Hellbinder
 54982 | WizLab   | Gained mutation: A powerful demonic guardian rushes to your aid. [demonic ancestry]
 54982 | WizLab   | Reached XP level 22. HP: 172/176 MP: 8/41
 54996 | WizLab   | Identified Jisof's Compendium of the Entourage
 55393 | Crypt:2  | Gained mutation: You are completely covered in thin metallic scales. (AC +4, rElec) [demonic ancestry]
 55393 | Crypt:2  | Reached XP level 23. HP: 183/183 MP: 42/42
 55438 | Crypt:2  | Reached skill level 16 in Fighting
 55952 | Crypt:3  | Entered Level 3 of the Crypt
 56576 | Crypt:3  | Reached skill level 17 in Fighting
 56721 | Crypt:3  | Noticed an ancient lich
 56732 | Crypt:3  | Killed an ancient lich
 56837 | Crypt:3  | Found an ancient bone altar of Kikubaaqudgha.
 57002 | Crypt:3  | Found a staircase to the Tomb.
 57265 | Crypt:3  | Reached skill level 18 in Fighting
 57820 | Depths:1 | Entered Level 1 of the Depths
 57820 | Depths:1 | Found a shimmering altar of Xom.
 58002 | D:15     | HP: 8/190 [something/blast of crystal shards (10)]
 58431 | Vaults:5 | Entered Level 5 of the Vaults
 58591 | Vaults:5 | Found Tiubof's Armour Boutique.
 58592 | Vaults:5 | Noticed an ancient lich
 58620 | Vaults:5 | Reached skill level 15 in Summonings
 58630 | Vaults:5 | Killed an ancient lich
 58746 | Vaults:5 | Gained mutation: You can hurl damnation. [demonic ancestry]
 58746 | Vaults:5 | Reached XP level 24. HP: 136/197 MP: 7/42
 59713 | Vaults:5 | Got a silver rune of Zot
 59723 | Vaults:5 | Identified Xisun's Compendium of Shape Shifting and Conjuration
 60094 | Vaults:5 | Got a flickering iron ring
 60220 | Vaults:5 | Identified Naekk's Almanac of Arcane Weapons
 60227 | Vaults:5 | Identified the ring "Casanut" {rCorr +Fly Str+7 Dex-3 Stlth-} (You took it off a vault warden on level 5 of the Vaults)
 60229 | Vaults:5 | Identified a +1 pair of boots of running (You found it on level 5 of the Vaults)
 60383 | Vaults:5 | Identified the Collected Works on Creative Poisoning
 60411 | Vaults:5 | Identified the Reference Book on Supportive Ignition
 60429 | Vaults:5 | Identified the Disquisition on Warped Flames
 60595 | Vaults:4 | Bought the +7 lajatang of Order {silver, rMut} for 2691 gold pieces
 60595 | Vaults:4 | Found the +7 lajatang of Order {silver, rMut}
 60884 | Spider:1 | Killed Asterion
 61811 | Depths:1 | Found a gateway to Hell.
 61895 | Depths:1 | Reached skill level 15 in Dodging
 61959 | Depths:1 | Noticed Nikola
 61980 | Depths:1 | Killed Nikola
 61981 | Depths:1 | Found a one-way gate to the infinite horrors of the Abyss.
 62048 | Depths:1 | Found Potrac's Assorted Antiques.
 62074 | Depths:1 | Bought a leatherbound book for 495 gold pieces
 62074 | Depths:1 | Bought a potion of cancellation for 264 gold pieces
 62686 | Depths:2 | Found a one-way gate leading to the halls of Pandemonium.
 62724 | Depths:2 | Found a gateway to a ziggurat.
 62928 | Depths:2 | Reached XP level 25. HP: 204/204 MP: 42/42
 64894 | Depths:4 | Noticed a juggernaut
 64903 | Depths:4 | Killed a juggernaut
 65314 | Depths:4 | Got a pair of fine boots
 65315 | Depths:4 | Identified the +2 pair of boots "Maguja" {Dex+5} (You found it on level 4 of the Depths)
 66001 | Depths:4 | Found a corrupted altar of Lugonu.
 66290 | Depths:5 | Entered Level 5 of the Depths
 66593 | Depths:5 | Found a gate to the Realm of Zot.
 66794 | Depths:5 | Found Woabeq's Jewellery Boutique.
 66794 | Depths:5 | Found Ethropn's Gadget Shoppe.
 66795 | Depths:5 | Found Ocyxoliyty's Jewellery Boutique.
 67007 | Depths:5 | Reached XP level 26. HP: 185/211 MP: 40/42
 67149 | Depths:4 | Voluntarily entered the Abyss.
 67842 | Abyss:1  | Gained mutation: Your magical capacity is low. (-10% MP) [a neqoxec]
 67992 | Depths:4 | Escaped the Abyss
 67994 | Depths:4 | Voluntarily entered the Abyss.
 68427 | Abyss:3  | Found a corrupted altar of Lugonu.
 68826 | Abyss:3  | Got an abyssal rune of Zot
 69410 | Depths:4 | Escaped the Abyss
 69470 | Zot:1    | Entered Level 1 of the Realm of Zot
 70569 | Zot:2    | Learned a level 6 spell: Simulacrum
 70628 | Zot:2    | Reached skill level 19 in Fighting
 71269 | Zot:3    | Reached XP level 27. HP: 198/222 MP: 37/38
 72544 | Zot:4    | Reached skill level 20 in Fighting
 72972 | Zot:4    | Reached skill level 1 in Ice Magic
 73034 | Zot:4    | Noticed an orb of fire
 73050 | Zot:4    | Killed an orb of fire
 73451 | Zot:5    | Entered Level 5 of the Realm of Zot
 73641 | Zot:5    | Reached skill level 5 in Ice Magic
 73684 | Zot:5    | Noticed an ancient lich
 73687 | Zot:5    | Killed an ancient lich
 73702 | Zot:5    | Noticed an orb of fire
 73714 | Zot:5    | Reached skill level 21 in Fighting
 73720 | Zot:5    | Killed an orb of fire
 73994 | Zot:5    | Noticed an orb of fire
 74006 | Zot:5    | Killed an orb of fire
 74009 | Zot:5    | Noticed an orb of fire
 74020 | Zot:5    | Killed an orb of fire
 74132 | Zot:5    | Noticed an ancient lich
 74135 | Zot:5    | Killed an ancient lich
 74192 | Zot:5    | Noticed an ancient lich
 74467 | Hell     | Entered the Vestibule of Hell
 74467 | Hell     | Noticed Geryon
 74476 | Hell     | Killed Geryon
 74528 | Hell     | Found a gateway to the freezing wastes of Cocytus.
 74604 | Hell     | Reached skill level 22 in Fighting
 74663 | Hell     | Found a gateway to the Iron City of Dis.
 74698 | Hell     | Found a gateway to the ashen valley of Gehenna.
 74796 | Hell     | Found a gateway to the decaying netherworld of Tartarus.
 75086 | Depths:4 | Identified the ring "Misyazixt" {MR+ Str-5 Int+3} (You acquired it on level 4 of the Depths)
 75219 | D:13     | Bought a potion of heal wounds for 90 gold pieces
 75243 | D:13     | Identified the ring "Lewaw" {*Contam rF+ MR+ EV+5 Slay+3} (You acquired it on level 13 of the Dungeon)
 75438 | Depths:5 | Bought the amulet "Plog" {Reflect rF+ rN++ SH+5} for 1314 gold pieces
 75822 | Slime:1  | Entered Level 1 of the Pits of Slime
 75971 | Slime:5  | Entered Level 5 of the Pits of Slime
 76078 | Slime:5  | Found a viscous altar of Jiyva.
 76079 | Slime:5  | Noticed the Royal Jelly
 76111 | Slime:5  | Killed the Royal Jelly
 76212 | Slime:5  | Identified the +4 scale mail "Inouteam" {+Blink rPois rN++ Dex-4} (You found it on level 5 of the Pits of Slime)
 76221 | Slime:5  | Identified the +0 pair of boots "Ros Tyiplu" {MR+ Dex+4 SInv} (You found it on level 5 of the Pits of Slime)
 76223 | Slime:5  | Got a slimy rune of Zot
 76238 | Slime:5  | Got a heavily runed ruby amulet
 76239 | Slime:5  | Identified the amulet "Wuxkyec" {Faith -Tele Int+5 Slay+3 SInv} (You found it on level 5 of the Pits of Slime)
 76272 | Slime:5  | Got a wavering amber ring
 76273 | Slime:5  | Identified the cursed ring "Razoggoi" {rElec rF+ Str-5} (You found it on level 5 of the Pits of Slime)
 76289 | Slime:5  | Identified the Compendium of Companions and Boosts
 76295 | Slime:5  | Identified the Tome of Talismans and Battle Magic
 76690 | Geh:1    | Entered Level 1 of Gehenna
 77248 | Geh:7    | Entered Level 7 of Gehenna
 77440 | Geh:7    | Reached skill level 15 in Armour
 77706 | Geh:7    | Noticed the Serpent of Hell
 77775 | Geh:7    | Killed the Serpent of Hell
 77957 | Geh:7    | Noticed Asmodeus
 77975 | Geh:7    | Killed Asmodeus
 78030 | Geh:7    | Found the +8 glaive of the Guard {elec, +Rage AC+5 SInv}
 78087 | Geh:7    | Got an obsidian rune of Zot
 78334 | Hell     | Gained mutation: You are weak. (Str -2) [mutagenic glow]
 78340 | Hell     | Lost mutation: You are weak. (Str -2) [potion of mutation]
 78340 | Hell     | Gained mutation: You passively map a small area around you. [potion of mutation]
 78340 | Hell     | Gained mutation: You are agile. (Dex +2) [potion of mutation]
 78340 | Hell     | Gained mutation: Your flesh is very heat resistant. (rF++) [potion of mutation]
 78362 | Hell     | Gained mutation: Potions are less effective at restoring your health. [mutagenic glow]
 78541 | Coc:1    | Entered Level 1 of Cocytus
 79543 | Coc:7    | Entered Level 7 of Cocytus
 79926 | Coc:7    | Noticed Antaeus
 79966 | Coc:7    | Killed Antaeus
 80071 | Coc:7    | Found the +7 longbow "Piercer" {penet, EV-2}
 80071 | Coc:7    | Got an icy rune of Zot
 80118 | Coc:7    | Identified Cigulutt's Papyrus of Weightlessness and Malediction
 80570 | Dis:1    | Entered Level 1 of the Iron City of Dis
 82167 | Dis:7    | Entered Level 7 of the Iron City of Dis
 83045 | Dis:7    | Reached skill level 5 in Translocations
 83416 | Dis:7    | Noticed Dispater
 83430 | Dis:7    | Killed Dispater
 83468 | Dis:7    | Got an iron rune of Zot
 84186 | Tar:1    | Entered Level 1 of Tartarus
 84355 | Tar:3    | Reached skill level 10 in Translocations
 84671 | Tar:7    | Entered Level 7 of Tartarus
 84927 | Tar:7    | Found the +11 plutonium sword {*Contam Stlth-}
 84948 | Tar:7    | Got a heavily runed brass ring
 84949 | Tar:7    | Identified the ring of Kerfluffle {rF++ SInv} (You found it on level 7 of Tartarus)
 84972 | Tar:7    | Identified Oxuujyuf's Compendium of Burning Attacks
 85132 | Tar:7    | Found the +2 cloak of the Thief {+Fog Slay-2 SInv Stlth+}
 85132 | Tar:7    | Noticed an ancient lich
 85139 | Tar:7    | Killed an ancient lich
 85146 | Tar:7    | Identified Facraip's Disquisition on Slavery
 85448 | Tar:7    | Identified the ring "Rurer" {rPois Slay+3} (You found it on level 7 of Tartarus)
 85449 | Tar:7    | Identified the Compendium of Glacial Intoxication
 85630 | Tar:7    | Noticed Ereshkigal
 85655 | Tar:7    | Killed Ereshkigal
 85655 | Tar:7    | Reached skill level 15 in Translocations
 85679 | Tar:7    | Got a bone rune of Zot
 86114 | D:13     | Learned a level 5 spell: Aura of Abjuration
 86345 | Pan      | Entered Pandemonium
 86370 | Pan      | Reached skill level 1 in Transmutations
 86654 | Pan      | Reached skill level 5 in Transmutations
 86780 | Pan      | Entered the realm of Mnoleg.
 86785 | Pan      | Paralysed by a floating eye for 4 turns
 86860 | Pan      | Gained mutation: Potions are poor at restoring your health. [a neqoxec]
 87035 | Pan      | Noticed Mnoleg
 87054 | Pan      | Reached skill level 10 in Transmutations
 87058 | Pan      | Killed Mnoleg
 87091 | Pan      | Got a glowing rune of Zot
 87623 | Pan      | Entered the realm of Cerebov.
 87632 | Pan      | Identified the Disquisition on Moulding and Translocation
 87640 | Pan      | Learned a level 6 spell: Dispersal
 87666 | Pan      | Noticed Cerebov
 87697 | Pan      | Reached skill level 15 in Staves
 88242 | Pan      | Killed Cerebov
 88253 | Pan      | Got a fiery rune of Zot
 88500 | Pan      | Found an exit through the horrors of the Abyss.
 88632 | Pan      | Entered the realm of Lom Lobon.
 88682 | Pan      | Got a magical rune of Zot
 88940 | Pan      | Entered the realm of Gloorx Vloq.
 89021 | Pan      | Noticed Gloorx Vloq
 89510 | Pan      | Got a dark rune of Zot
 89517 | Pan      | Killed Gloorx Vloq
 89561 | Pan      | Found an exit through the horrors of the Abyss.
 89834 | Pan      | Noticed Dith the pandemonium lord
 89845 | Pan      | Killed Dith the pandemonium lord
 90071 | Pan      | Noticed Panire the pandemonium lord
 90179 | Pan      | Found an exit through the horrors of the Abyss.
 90192 | Pan      | Identified Ugi Huxi's Papyrus of the Poles
 90480 | Pan      | Noticed Zeacsuph the pandemonium lord
 91096 | Pan      | Noticed Lom Lobon
 91383 | Pan      | Noticed Ugul the pandemonium lord
 91392 | Pan      | Killed Ugul the pandemonium lord
 91441 | Pan      | Noticed Lom Lobon
 91559 | Pan      | HP: 11/231 [poisoned by a green death (bolt of poison)]
 91572 | Pan      | HP: 10/231 [poisoned by a green death (bolt of poison)]
 91573 | Pan      | Noticed Pyoceabinan the pandemonium lord
 91573 | Pan      | Killed from afar by a Brimstone Fiend

Skill      XL: |  1  2  3  4  5  6  7  8  9 10 11 12 13 14 15 16 17 18 19 20 21 22 23 24 25 26 27 |
---------------+----------------------------------------------------------------------------------+-----
Conjurations   | 2 3 5 9 10 | 10.0
Fire Magic     | 1 2 3 4 |  4.0
Air Magic      | 1 2 3 4 |  4.0
Poison Magic   | 2 |  2.3
Armour         | 4 5 8 9 10 11 20 | 20.0
Shields        | 4 |  4.0
Translocations | 2 3 15 | 15.3
Necromancy     | 2 4 9 13 15 17 18 19 20 | 20.6
Summonings     | 2 10 12 16 17 | 17.0
Fighting       | 5 9 10 11 12 15 18 19 22 | 22.1
Staves         | 4 7 11 14 19 | 19.3
Dodging        | 3 7 8 9 10 11 16 19 21 | 21.3
Spellcasting   | 4 8 11 13 15 20 | 20.0
Earth Magic    | 7 |  7.0
Hexes          | 5 |  5.0
Ice Magic      | 9 |  9.0
Transmutations | 11 | 11.7
Stealth        | |  1.7

Action                   |  1- 3 |  4- 6 |  7- 9 | 10-12 | 13-15 | 16-18 | 19-21 | 22-24 | 25-27 || total
-------------------------+-------+-------+-------+-------+-------+-------+-------+-------+-------++-------
Melee: Dagger            |    18 |   104 |   227 |    19 |       |       |       |       |       ||   368
       Short sword       |    30 |    16 |       |       |       |       |       |       |       ||    46
       Headbutt          |       |    11 |    32 |   118 |   182 |   143 |   205 |   184 |  1189 ||  2064
       Lajatang          |       |       |       |   505 |   910 |   644 |   859 |   563 |  3277 ||  6758
 Cast: Magic Dart        |    83 |    40 |   158 |    66 |     8 |       |     6 |     9 |     4 ||   374
       Mephitic Cloud    |     3 |     4 |    14 |    20 |    42 |     3 |     3 |       |       ||    89
       Conjure Flame     |     1 |     1 |     5 |    11 |     6 |       |       |       |       ||    24
       Animate Dead      |       |       |       |    11 |    82 |    63 |    66 |    31 |    40 ||   293
       Bolt of Draining  |       |       |       |       |    32 |    71 |   191 |    36 |    49 ||   379
       Summon Butterflie |       |       |       |       |     2 |       |     1 |     1 |       ||     4
       Blink             |       |       |       |       |     1 |       |       |     6 |    16 ||    23
       Borgnjor's Vile C |       |       |       |       |    15 |    74 |   126 |    71 |   200 ||   486
       Sublimation of Bl |       |       |       |       |       |    19 |    32 |    14 |   117 ||   182
       Lee's Rapid Decon |       |       |       |       |       |     7 |    15 |    10 |    26 ||    58
       Dispel Undead     |       |       |       |       |       |    18 |    30 |    51 |    23 ||   122
       Apportation       |       |       |       |       |       |       |     3 |       |       ||     3
       Regeneration      |       |       |       |       |       |       |    20 |    26 |   203 ||   249
       Infestation       |       |       |       |       |       |       |     8 |    16 |   306 ||   330
       Summon Mana Viper |       |       |       |       |       |       |     6 |     6 |    19 ||    31
       Simulacrum        |       |       |       |       |       |       |       |       |    69 ||    69
Invok: Receive Necronomi |       |       |       |       |     1 |       |       |       |       ||     1
       Receive Corpses   |       |       |       |       |     2 |     1 |     4 |     4 |    22 ||    33
Evoke: Wand              |       |       |       |    24 |     2 |     4 |       |       |    15 ||    45
  Use: Scroll            |       |    15 |     1 |    19 |    16 |     7 |    23 |    11 |    51 ||   143
       Potion            |       |       |       |       |       |     7 |     1 |     6 |    31 ||    45
 Stab: Sleeping          |     3 |     2 |     2 |       |       |       |     1 |       |       ||     8
       Confused          |     2 |     2 |     1 |     1 |     9 |       |     2 |       |       ||    17
       Distracted        |       |       |       |     1 |     4 |     4 |     4 |     7 |    88 ||   108
       Petrified         |       |       |       |       |     6 |       |       |       |       ||     6
  Eat: Chunk             |     6 |    10 |    14 |    16 |    44 |    20 |    22 |    18 |    75 ||   225
       Ration            |       |       |     2 |     5 |     5 |     4 |     7 |     5 |    46 ||    74
Armor: Robe              |     2 |    18 |       |       |       |       |       |       |       ||    20
       Animal skin       |       |    20 |     3 |       |       |       |       |       |       ||    23
       Ring mail         |       |       |   101 |   144 |   268 |   275 |   243 |   139 |   201 ||  1371
       Pearl dragon scal |       |       |       |       |       |       |       |       |   643 ||   643
Dodge: Dodged            |    30 |    62 |   112 |   156 |   420 |   334 |   464 |   352 |  2477 ||  4407
Block: Buckler           |       |       |       |     7 |       |       |       |       |       ||     7
       Other             |       |       |       |       |       |       |       |       |   297 ||   297
       Reflection        |       |       |       |       |       |       |       |       |     1 ||     1
       Rpst.: Lajatang   |       |       |       |       |       |       |    18 |    73 |   411 ||   502
